 Dungeon Crawl Stone Soup version 0.29.1-13-g9f3cf754e1 (webtiles) character file.

Game seed: 18256870420324425440

618 rddays123 the Trooper (level 7, -2/85 HPs)
             Began as a Minotaur Fighter on Jan 24, 2023.
             Was a Follower of Hepliaklqana.
             Slain by a water moccasin (5 damage)
             ... on level 5 of the Dungeon.
             The game lasted 00:09:18 (4594 turns).

rddays123 the Trooper (Minotaur Fighter)            Turns: 4594, Time: 00:09:18

Health: -2/85      AC: 23    Str: 23    XL:     7   Next: 21%
Magic:  6/6        EV:  2    Int:  5    God:    Hepliaklqana [*.....]
Gold:   174        SH:  4    Dex:  9    Spells: 6/6 levels left

rFire   . . .      SeeInvis .   l - +2 war axe (vorpal)
rCold   . . .      Faith    .   c - +0 buckler
rNeg    . . .      Spirit   .   (body armour currently unavailable)
rPois   +          Reflect  .   (helmet currently unavailable)
rElec   .          Harm     .   (cloak currently unavailable)
rCorr   .          Rampage  .   (gloves currently unavailable)
Will    .....      NoTele   +   (boots currently unavailable)
Stlth   +.........              (no amulet)
HPRegen 0.24/turn               (no ring)
MPRegen 0.10/turn               (no ring)

@: lethally poisoned (-2 -> -9), tree-form
A: stationary, stasis, torment immunity, boosted hp, reduced essence, (horns 2),
(retaliatory headbutt)
a: Renounce Religion, Recall Ancestor, Ancestor Identity


You were on level 5 of the Dungeon.
You worshipped Hepliaklqana.
Hepliaklqana was aware of your devotion.
You were a tree.
You visited 2 branches of the dungeon, and saw 7 of its levels.

You collected 174 gold pieces.

Inventory:

Hand Weapons
 a - a +0 war axe
 l - a +2 vorpal war axe (weapon)
 r - the +3 sling of the Final Decision {vorpal, rCorr}
   (You took it off an orc on level 3 of the Dungeon)

   Any ammunition fired from it inflicts extra damage upon your enemies.
   rCorr:     It protects you from acid and corrosion.
Missiles
 v - a throwing net (quivered)
Armour
 b - a +0 scale mail (melded)
 c - a +0 buckler (worn)
 m - a +0 pair of boots
 z - a +0 plate armour
Jewellery
 e - a +6 ring of intelligence
 o - a ring of willpower
 t - a ring of poison resistance
Wands
 p - a wand of flame (4)
 q - a wand of roots (13)
Scrolls
 f - 6 scrolls of teleportation {unknown}
 g - 7 scrolls of identify {unknown}
 j - 3 scrolls of butterflies {unknown}
 k - a scroll of immolation {unknown}
 n - 2 scrolls of enchant armour {unknown}
 u - a scroll of magic mapping {unknown}
 x - a scroll of fear {unknown}
 y - a scroll of amnesia {unknown}
Potions
 d - 3 potions of might
 h - 2 potions of degeneration {unknown}
 i - a potion of lignification
 s - a potion of mutation {unknown}
 w - a potion of berserk rage {unknown}


   Skills:
 + Level 6.5 Fighting
 + Level 5.7 Axes
 + Level 6.4 Armour
 - Level 3.9 Shields


You had 6 spell levels left.
You didn't know any spells.
Your spell library contained the following spells:

 Spells                   Type           Power      Damage    Failure   Level
 Apportation              Tloc           0%         N/A       56%         1
 Slow                     Hex            0%         N/A       56%         1
 Confusing Touch          Hex            0%         N/A       90%         3
 Vampiric Draining        Necr           0%         2d6       90%         3
 Hailstorm                Conj/Ice       0%         3d3       100%        4
 Ice Form                 Ice/Tmut       0%         N/A       100%        4
 Alistair's Intoxication  Tmut/Pois      0%         N/A       100%        5
 Simulacrum               Ice/Necr       0%         N/A       100%        6


Dungeon Overview and Level Annotations

Branches:
Dungeon (6/15)             Temple (1/1) D:4

Altars:
Ashenzari
Cheibriados
Dithmenos
Elyvilon
Fedhas
Gozag
Hepliaklqana
Makhleb
Nemelex Xobeh
Ru
Sif Muna
Uskayaw
Vehumet
Wu Jian
Xom
Yredelemnul
Zin
The Shining One

Shops:
D:1 (   D:5 :

Annotations:
D:3 Pargi


Innate Abilities, Weirdness & Mutations

You are a tree.
Your roots penetrate the ground, keeping you stationary.
You cannot be teleported.
You are immune to unholy pain and torment.
Your maximum health is greatly increased.
Your equipment is partially melded.
Your life essence is reduced to manifest your ancestor. (-10% HP)
((You have a pair of horns on your head.))
((You reflexively headbutt those who attack you in melee.))


Message History

The water moccasin bites you but does no damage.
The water moccasin bites you.
You are more poisoned.
The water moccasin poisons you!
You slash the water moccasin!
Your headbutt misses the water moccasin.
The water moccasin is severely wounded.
You feel very sick. The water moccasin bites you!
* * * LOW HITPOINT WARNING * * *
You are lethally poisoned!
The water moccasin poisons you! The water moccasin barely misses you.
Really quaff the potion of lignification?
You turn into a tree.
Your +0 scale mail melds into your body.
Your roots penetrate the ground.
* * * LOW HITPOINT WARNING * * *
You feel very sick.
The water moccasin bites you but does no damage.
You barely miss the water moccasin.
The water moccasin is severely wounded.
* * * LOW HITPOINT WARNING * * *
You feel very sick.
The water moccasin bites you but does no damage. x2
You miss the water moccasin.
The water moccasin is severely wounded.
* * * LOW HITPOINT WARNING * * *
You feel very sick.
The water moccasin bites you but does no damage. x2
You hit the water moccasin.
The water moccasin is almost dead.
* * * LOW HITPOINT WARNING * * *
You feel very sick.
The water moccasin bites you but does no damage.
You closely miss the water moccasin.
The water moccasin is almost dead.
* * * LOW HITPOINT WARNING * * *
You feel sick. You block the water moccasin's attack.
The water moccasin bites you.
You die...

########...##.##.###...##...##.#
.......##.###.##.##....##...##.#
########.......#.##.#..##...##.#
# #....####.####.......##...##.#
# #.#### #.# #..##..#.........#
###.#######.####.#...###########
..........#.#........#
###.#######.#.##..#..#
..............+S♣....#
###.#######...#.#.#..#
#.##..........#.#..######
#..#.#######..#.#.......# ##.#.#
#..#.##.####.# #.#.#
#..#.##.####.#
#.#.#######..#.......#.#
#.#.......#..#.##.##.#.####
#.#..........####.##.#.##.#


You could see a water moccasin.

Vanquished Creatures
  An ogre (D:4)
  A phantom (D:5)
  2 scorpions
  An orc priest (D:4)
  2 hounds
  Jessica (D:2)
  Ijyb (D:3)
  2 iguanas (D:5)
  4 adders
  A shadow imp (D:5)
  An ufetubus (D:4)
  2 worms (D:3)
  3 dart slugs
  5 orcs
  10 ball pythons
  2 endoplasms (D:1)
  A giant cockroach (D:1)
  5 goblins
  3 hobgoblins
  4 bats
  12 frilled lizards
  7 kobolds
  5 rats
  A spectral kobold (D:4)
77 creatures vanquished.

Vanquished Creatures (collateral kills)
  An orc wizard (D:5)
  An adder (D:5)
  An orc (D:5)
3 creatures vanquished.

Grand Total: 80 creatures vanquished

Notes
Turn   | Place    | Note
-------+----------+-------------------------------------------
     0 | D:1      | rddays123 the Minotaur Fighter began the quest for the Orb.
     0 | D:1      | Reached XP level 1. HP: 19/19 MP: 0/0
   203 | D:1      | Reached XP level 2. HP: 23/27 MP: 1/1
   738 | D:1      | Found Xakuvuvi's Antique Weapon Boutique.
   779 | D:1      | Reached XP level 3. HP: 33/33 MP: 2/2
   858 | D:2      | Noticed Jessica
   864 | D:2      | Killed Jessica
  1020 | D:2      | Reached XP level 4. HP: 41/41 MP: 3/3
  1519 | D:3      | Noticed Ijyb
  1527 | D:3      | Killed Ijyb
  1762 | D:3      | Reached skill level 5 in Fighting
  1762 | D:3      | Reached XP level 5. HP: 43/48 MP: 4/4
  1817 | D:3      | Identified the +3 sling of the Final Decision {vorpal,
                  | rCorr}
  2041 | D:3      | Noticed Pargi
  2095 | D:4      | Reached skill level 5 in Armour
  2182 | D:4      | Found the +18 Lear's hauberk
  2234 | D:4      | Found a hazy altar of Hepliaklqana.
  2245 | D:4      | Became a worshipper of Hepliaklqana the Forgotten
  2274 | D:4      | Noticed an ogre
  2295 | D:4      | Killed an ogre
  2383 | D:4      | Reached XP level 6. HP: 51/56 MP: 5/5
  2649 | D:4      | Found a staircase to the Ecumenical Temple.
  2754 | Temple   | Entered the Ecumenical Temple
  3298 | D:5      | Entered Level 5 of the Dungeon
  3326 | D:5      | Reached skill level 5 in Axes
  3353 | D:5      | Reached * piety under Hepliaklqana
  3407 | D:5      | Found a large runed translucent door.
  3411 | D:5      | Found a large runed translucent door.
  3477 | D:5      | Found a basalt altar of Yredelemnul.
  3482 | D:5      | Reached XP level 7. HP: 54/57 MP: 6/6
  3488 | D:5      | Found a snail-covered altar of Cheibriados.
  3875 | D:5      | Identified the +11 dagger of Bemof {pain, Int+5 Dex-3 SInv}
  3983 | D:5      | Found Otza Iskomy's Tremendous Tomes.
  4593 | D:5      | HP: 4/85 [poisoned by a water moccasin]
  4594 | D:5      | Slain by a water moccasin

Illustrated notes

Levels and vault maps discovered:
D:1:      onia_arrival_handbag, layout_loops_ring, serial_shops,
          nicolae_diamond_shop, minmay_lizard_pond
D:2:      layout_basic, minmay_misc_feat_rows, uniq_jessica
D:3:      layout_loops_ring, shapermc_ecumenical_altar_notcrosses, uniq_pargi,
          uniq_ijyb
D:4:      layout_gridville, nicolae_hepliaklqana_monster_ancestors,
          minmay_temple_entry_proselytizer
D:5:      layout_basic, jmf_multi_god_temple2, grunt_decor_fettered,
          nicolae_shop_i_like_big_books, kennysheep_opposing_triangles
D:6:      minmay_skewed_foursquare, layout_loops_ring
Temple:   nicolae_temple_superstar

Skill      XL: |  1  2  3  4  5  6 |
---------------+-------------------+-----
Fighting       | 4 5 6 |  6.5
Armour         | 4 5 6 |  6.4
Axes           | 3 4 5 |  5.7
Shields        | |  3.9

Action                   |  1- 3 |  4- 6 |  7- 9 || total
-------------------------+-------+-------+-------++-------
Melee: War axe           |    81 |    99 |    18 ||   198
       Headbutt          |     8 |    15 |     1 ||    24
  Use: Potion            |       |     2 |     1 ||     3
Armor: Scale mail        |    44 |    51 |     7 ||   102
       Skin              |       |     4 |     6 ||    10
Dodge: Dodged            |    40 |    51 |     7 ||    98
Block: Buckler           |    23 |    15 |     3 ||    41
